 Dungeon Crawl Stone Soup version 0.28-a0-8-g6e044cfa68 (webtiles) character file.

Game seed: 4031782055757932333

150 Gwenloh the Slasher (level 5, -8/42 HPs)
             Began as a Human Fighter on July 24, 2021.
             Killed by divine providence
             ... invoked by an orc priest
              (11 damage)
             ... on level 3 of the Dungeon.
             The game lasted 00:06:52 (2981 turns).

Gwenloh the Slasher (Human Fighter)                 Turns: 2981, Time: 00:06:52

Health: -8/42      AC: 11    Str: 16    XL:     5   Next: 58%
Magic:  5/5        EV: 10    Int:  9    God:
Gold:   160        SH:  9    Dex: 13    Spells: 4/4 levels left

rFire   . . .      SeeInvis .   b - +0 hunting sling
rCold   . . .      Faith    .   c - +0 kite shield
rNeg    . . .      Spirit   .   t - +0 scale mail
rPois   .          Reflect  .   r - +0 helmet
rElec   .          Harm     .   w - +1 cloak
rCorr   .          Rampage  .   (no gloves)
Will    .....                   j - +0 pair of boots
Stlth   ..........              (no amulet)
HPRegen 0.14/turn               p - +4 ring of evasion
MPRegen 0.09/turn               (no ring)

@: no status effects
A: no striking features
a: no special abilities


You were on level 3 of the Dungeon.
You visited 1 branch of the dungeon, and saw 3 of its levels.

You collected 160 gold pieces.

Inventory:

Hand Weapons
 a - a +0 long sword
 b - a +0 hunting sling (weapon)
Missiles
 m - 24 poisoned darts
 q - 22 stones (quivered ammo)
 u - 5 silver boomerangs
Armour
 c - a +0 kite shield (worn)
 j - a +0 pair of boots (worn)
 r - a +0 helmet (worn)
 t - a +0 scale mail (worn)
 w - a +1 cloak (worn)
Jewellery
 p - a +4 ring of evasion (left hand)
Scrolls
 e - a scroll of enchant weapon {unknown}
 f - 3 scrolls of identify {unknown}
 g - a scroll of vulnerability {unknown}
 h - a scroll of fear {unknown}
 i - 3 scrolls of teleportation {unknown}
 k - 2 scrolls of enchant armour {unknown}
 n - 3 scrolls of amnesia {unknown}
 v - a scroll of fog {unknown}
Potions
 d - 2 potions of might
 l - 2 potions of heal wounds {unknown}
 o - a potion of degeneration {unknown}
 s - 2 potions of haste {unknown}


   Skills:
 + Level 3.8 Fighting
 * Level 4.0 Long Blades
 + Level 3.9 Armour
 - Level 3.0 Shields


You had 4 spell levels left.
You didn't know any spells.
Your spell library contained the following spells:

 Spells                   Type           Power      Damage    Failure   Level
 Fireball                 Conj/Fire      0%         3d3       100%        5
 Starburst                Conj/Fire      0%         8x6d3     100%        6
 Ignition                 Fire           0%         3d3       100%        8


Dungeon Overview and Level Annotations

Branches:
Dungeon (3/15)

Altars:
Dithmenos

Shops:
D:1 *


Message History

You see here a +1 cloak.
w - a +1 cloak You start putting on your armour.
You continue putting on your +1 cloak. x4
You finish putting on your +1 cloak.
A hobgoblin comes into view.
The hobgoblin shouts!
You shoot a stone. The stone barely misses the hobgoblin.
You shoot a stone. The stone hits the hobgoblin.
You kill the hobgoblin!
No target in view!
You're already wearing that object!
Okay, then.
q - 24 stones (gained 1)
You see here a hobgoblin corpse.
q - 25 stones (gained 1)
An orc priest comes into view. It is wielding a +0 falchion.
The orc priest shouts!
You shoot a stone. The stone hits the orc priest.
The orc priest is lightly wounded.
You shoot a stone.
The stone hits the orc priest but does no damage.
The orc priest is lightly wounded.
An orc priest comes into view. It is wielding a +0 club.
You shoot a stone. The orc priest shouts!
The stone hits the orc priest but does no damage.
The orc priest is lightly wounded.
The orc priest calls down the wrath of Beogh upon you.
Pain shoots through your body!
An orc comes into view.
It is wielding a +0 flail and quivering boomerangs of dispersal.
The orc priest begins to cast a cantrip, but forgets the words!
The orc priest mumbles some strange prayers to Beogh against you.
Beogh smites you!
The orc priest looks satisfied for a moment.
The orc priest calls down the wrath of Beogh upon you.
Beogh smites you!
* * * LOW HITPOINT WARNING * * *
The orc priest mumbles some strange prayers to Beogh against you.
Beogh smites you!
You die...

#.# #####..# #.# ##.## #o#
#.>## #.# ##.#. #.# ###.#. #.#
#..... #.# #.#.#.
#######o##################.#.#.
..............@............#.#.
........####################.##
######### #.................#
#.################## #.# #....
#.# #.### #.##############.#
#...†............#
################.#


You could see an orc priest.

Vanquished Creatures
  An orc priest (D:3)
  Terence (D:3)
  An orc wizard (D:3)
  2 adders (D:2)
  A worm (D:3)
  5 orcs
  5 bats
  4 endoplasms
  2 giant cockroaches (D:1)
  7 hobgoblins
  2 jackals (D:3)
  3 kobolds
  2 quokkas
  A ball python (D:2)
  4 frilled lizards
  2 goblins
  2 rats
45 creatures vanquished.

Notes
Turn   | Place    | Note
-------+----------+-------------------------------------------
     0 | D:1      | Gwenloh the Human Fighter began the quest for the Orb.
     0 | D:1      | Reached XP level 1. HP: 18/18 MP: 1/1
   225 | D:1      | Reached XP level 2. HP: 24/24 MP: 2/2
   353 | D:1      | Found Vohen's Assorted Antiques.
   633 | D:1      | Reached XP level 3. HP: 27/29 MP: 3/3
  1197 | D:2      | Reached skill level 3 in Long Blades
  1468 | D:2      | Reached XP level 4. HP: 35/35 MP: 4/4
  2170 | D:3      | Found a shadowy altar of Dithmenos.
  2394 | D:3      | Reached XP level 5. HP: 9/42 MP: 5/5
  2678 | D:3      | Noticed Terence
  2723 | D:3      | Killed Terence
  2734 | D:3      | Reached skill level 4 in Long Blades
  2972 | D:3      | HP: 1/42 [orc priest/divine providence (13)]
  2981 | D:3      | Killed from afar by an orc priest

Illustrated notes

Levels and vault maps discovered:
D:1:      beargit_arrival_greenhouse, layout_loops_ring, serial_shops, shop,
          grunt_decor_one_mirror, kennysheep_small_spiral, minivault_5
D:2:      layout_basic, minivault_14
D:3:      layout_basic, mainiacjoe_overflow_paths, st_stairs_8, uniq_terence

Skill      XL: |  1  2  3  4  5 |
---------------+----------------+-----
Long Blades    | 3 4 |  4.0
Fighting       | |  3.8
Armour         | |  3.9
Shields        | |  3.0

Action                   |  1- 3 |  4- 6 || total
-------------------------+-------+-------++-------
Melee: Long sword        |    94 |    77 ||   171
 Fire: Hunting sling     |       |     7 ||     7
Throw: Dart              |     6 |    19 ||    25
Armor: Scale mail        |    42 |    34 ||    76
Dodge: Dodged            |    29 |    34 ||    63
Block: Kite shield       |    47 |    47 ||    94
       Rpst.: Long sword |     9 |    14 ||    23

Table legend: (Time is in decaauts)
 A = Elapsed time spent in this place.
 B = Non-inter-level travel time spent in this place.
 C = Inter-level travel time spent in this place.
 D = Time resting spent in this place.
 E = Time spent auto-exploring this place.
 F = Levels seen in this place.
 G = Mean time per level.
                   A        B        C        D        E       F      G
               +--------+--------+--------+--------+--------+-----+--------+
         Total |   3073 |   2937 |    136 |    386 |   1940 |   3 | 1024.3 |
       Dungeon |   3073 |   2937 |    136 |    386 |   1940 |   3 | 1024.3 |
               +--------+--------+--------+--------+--------+-----+--------+

Top non-repeatable levels by time:
     D:3: 1168 daAuts
     D:1: 975 daAuts
     D:2: 930 daAuts
